 Dungeon Crawl Stone Soup version 0.27.0-1-g7a089689b8 (webtiles) character file.

Game seed: 12908874155356722926

444 ZARRMARR the Covered (level 6, -4/53 HPs)
             Began as a Minotaur Fighter on Aug 14, 2021.
             Was an Initiate of Trog.
             Slain by a sky beast (5 damage)
             ... on level 5 of the Dungeon.
             The game lasted 00:15:16 (4101 turns).

ZARRMARR the Covered (Minotaur Fighter)             Turns: 4101, Time: 00:15:18

Health: -4/53      AC:  8    Str: 20    XL:     6   Next: 72%
Magic:  4/4        EV:  8    Int:  5    God:    Trog [......]
Gold:   108        SH: 10    Dex: 12    Spells: 5/5 levels left

rFire    . . .     SeeInvis .   a - +1 flail
rCold    + + +     Faith    .   c - +0 kite shield
rNeg     . . .     Spirit   .   b - +0 scale mail
rPois    +         Reflect  .   (helmet restricted)
rElec    .         Harm     .   j - +0 cloak
rCorr    .         Rampage  .   (no gloves)
Will     .....                  (no boots)
Stlth    ..........             p - amulet of magic regeneration
HPRegen  0.17/turn              d - ring of protection from cold
MPRegen  0.34/turn              n - ring of protection from cold

@: hasted, very quick
A: horns 2, retaliatory headbutt, cold resistance 1, low mp 1, poison resistance
a: Renounce Religion


You were on level 5 of the Dungeon.
You worshipped Trog.
Trog was noncommittal.
You visited 2 branches of the dungeon, and saw 6 of its levels.

You collected 108 gold pieces.

Inventory:

Hand Weapons
 a - a +1 flail (weapon)
Missiles
 e - 49 stones
 l - a throwing net (quivered)
Armour
 b - a +0 scale mail (worn)
 c - a +0 kite shield (worn)
 j - a +0 cloak (worn)
Jewellery
 d - a ring of protection from cold (left hand)
 n - a ring of protection from cold (right hand)
 p - an amulet of magic regeneration (around neck)
Scrolls
 h - 2 scrolls of enchant weapon
 m - a scroll of fog {unknown}
 o - a scroll of immolation {unknown}
Potions
 g - a potion of curing


   Skills:
 + Level 4.7 Fighting
 + Level 5.4 Maces & Flails
 + Level 1.8 Throwing
 + Level 5.4 Armour
 + Level 1.3 Dodging
 + Level 4.9 Shields


You had 5 spell levels left.
You didn't know any spells.
Your spell library contained the following spells:

 Spells                   Type           Power      Damage    Failure   Level
 Sublimation of Blood     Necr           0%         N/A       100%        2
 Wereblood                Tmut           0%         N/A       100%        2
 Summon Hydra             Summ           0%         N/A       100%        7


Dungeon Overview and Level Annotations

Branches:
Dungeon (5/15)             Temple (1/1) D:4

Altars:
Cheibriados
Dithmenos
Fedhas
Gozag
Hepliaklqana
Kikubaaqudgha
Makhleb
Okawaru
Ru
Sif Muna
Trog
Uskayaw
Vehumet
Wu Jian
Yredelemnul
Zin
The Shining One

Annotations:
D:5 Prince Ribbit


Innate Abilities, Weirdness & Mutations

You have a pair of horns on your head.
You reflexively headbutt those who attack you in melee.
Your flesh is cold resistant. (rC+)
Your magical capacity is low. (-10% MP)
Your system is resistant to poisons. (rPois)


Message History

Press: ? - help, Q - select action, (/) - cycle Shift-Dir - straight line, f/p - sky beast
Aim: a sky beast (48% to hit)
You throw a stone. The stone closely misses the sky beast.
Prince Ribbit sighs, "It's not easy being green!"
You thump the sky beast! You headbutt the sky beast.
The sky beast is heavily wounded.
You block the sky beast's attack.
Prince Ribbit catches a fly with his tongue.
The sky beast hits you but does no damage.
You miss the sky beast.
The sky beast is heavily wounded.
The sky beast flickers out of sight!
Deactivating autopickup; reactivate with Ctrl-A.
Something hits you but does no damage.
Unknown command.
Unknown command.
You hit something. Your headbutt misses something. Prince Ribbit hits you!
Something hits you but does no damage.
You closely miss something. Prince Ribbit hits you!
Something hits you but does no damage.
Prince Ribbit croaks regally.
You block Prince Ribbit's attack. Something hits you. Something shocks you.
You can't go up here!
Unknown command.
It was a potion of cancellation.
You feel magically purged.
Prince Ribbit hits you but does no damage.
Prince Ribbit completely misses you. Something hits you. Something shocks you.
* * * LOW HITPOINT WARNING * * *
It was a potion of haste.
You feel yourself speed up. You block Prince Ribbit's attack.
Something hits you but does no damage.
You miss something. Your headbutt misses something. Prince Ribbit hits you!
* * * LOW HITPOINT WARNING * * *
It was a potion of mutation.
You feel extremely strange.
You feel less energetic.
You feel resistant to cold.
You feel resistant to poisons.
Prince Ribbit hits you but does no damage.
Something hits you.
* * * LOW HITPOINT WARNING * * *
Something shocks you.
You die...

..# .(# ##
#..### #.
..... #.
...## #.
....#
#.##F#{..#
#....@...#
.......##.##
.###### #


You could see Prince Ribbit.

Vanquished Creatures
  A bullfrog (D:4)
  A scorpion (D:4)
  Natasha (thrice) (D:2)
  An orc wizard (D:4)
  10 gnolls
  2 adders
  A white imp (D:4)
  2 worms
  A dart slug (D:3)
  7 orcs (D:4)
  4 ball pythons
  9 endoplasms
  3 giant cockroaches
  4 goblins
  10 hobgoblins
  9 jackals
  2 quokkas (D:2)
  7 bats
  3 frilled lizards
  4 kobolds
  9 rats
93 creatures vanquished.

Notes
Turn   | Place    | Note
-------+----------+-------------------------------------------
     0 | D:1      | ZARRMARR the Minotaur Fighter began the quest for the Orb.
     0 | D:1      | Reached XP level 1. HP: 19/19 MP: 0/0
   165 | D:1      | Reached XP level 2. HP: 27/27 MP: 1/1
   859 | D:2      | Noticed Natasha
   868 | D:2      | Killed Natasha
   869 | D:2      | Reached XP level 3. HP: 14/33 MP: 2/2
  1144 | D:2      | Found a faded altar of an unknown god.
  1326 | D:2      | Noticed Natasha
  1333 | D:2      | Killed Natasha
  1334 | D:2      | Reached XP level 4. HP: 30/40 MP: 3/3
  1520 | D:2      | Noticed Natasha
  1524 | D:2      | Killed Natasha
  1916 | D:3      | Reached XP level 5. HP: 44/46 MP: 4/4
  2059 | D:3      | Reached skill level 1 in Throwing
  2573 | D:3      | Reached skill level 1 in Dodging
  3108 | D:4      | Reached skill level 5 in Armour
  3108 | D:4      | Reached XP level 6. HP: 46/53 MP: 5/5
  3169 | D:4      | Reached skill level 5 in Maces & Flails
  3220 | D:4      | Found a staircase to the Ecumenical Temple.
  3416 | Temple   | Entered the Ecumenical Temple
  3509 | Temple   | Became a worshipper of Ru the Awakened
  3538 | Temple   | Fell from the grace of Ru
  3538 | Temple   | Became a worshipper of Trog the Wrathful
  4090 | D:5      | Entered Level 5 of the Dungeon
  4090 | D:5      | Noticed Prince Ribbit
  4091 | D:5      | Noticed a sky beast
  4100 | D:5      | HP: 2/53 [Prince Ribbit (10)]
  4101 | D:5      | Gained mutation: Your magical capacity is low. (-10% MP)
                  | [potion of mutation]
  4101 | D:5      | Gained mutation: Your flesh is cold resistant. (rC+)
                  | [potion of mutation]
  4101 | D:5      | Gained mutation: Your system is resistant to poisons.
                  | (rPois) [potion of mutation]
  4101 | D:5      | Slain by a sky beast

Illustrated notes

Levels and vault maps discovered:
D:1:      dpeg_arrival_radiant, layout_basic, minmay_door_square
D:2:      layout_basic, shapermc_ecumenical_altar_starsandcircs,
          serial_park_tiny_pond, uniq_natasha
D:3:      minmay_angry_zag, layout_basic, chequers_serial_rivers_large_a,
          nrook_mini_vaults
D:4:      layout_loops_cross, minmay_temple_entry_nine_rooms
D:5:      layout_loops_corners, uniq_prince_ribbit1, uniq_grinder
Temple:   regret_index_temple_chain_breaker

Skill      XL: |  1  2  3  4  5  6 |
---------------+-------------------+-----
Armour         | 4 5 |  5.4
Shields        | 4 |  4.9
Fighting       | 4 |  4.7
Maces & Flails | 3 4 5 |  5.4
Throwing       | 1 |  1.8
Dodging        | 1 |  1.3

Action                   |  1- 3 |  4- 6 || total
-------------------------+-------+-------++-------
Melee: Flail             |    69 |   147 ||   216
       Headbutt          |    12 |    30 ||    42
Throw: Stone             |    17 |    73 ||    90
  Use: Scroll            |     2 |     2 ||     4
       Potion            |     1 |     5 ||     6
Armor: Scale mail        |    33 |    77 ||   110
Dodge: Dodged            |    18 |    50 ||    68
Block: Kite shield       |    24 |    73 ||    97
